 Dungeon Crawl Stone Soup version 0.19-a0-644-gd04d753 (webtiles) character file.

12656 ghostrobin the Nimble (level 11, -25/54 HPs)
             Began as a Spriggan Chaos Knight on June 14, 2016.
             Shot with an arrow by Nessos (26 damage)
             ... on level 12 of the Dungeon.
             The game lasted 00:15:37 (8792 turns).

ghostrobin the Nimble (Spriggan Chaos Knight)       Turns: 8792, Time: 00:15:39

Health: -25/54     AC:  5    Str:  8      XL:     11   Next: 65%
Magic:  12/12      EV: 31    Int: 12 (13) God:    Xom [......]
Gold:   882        SH:  8    Dex: 16      Spells: 0 memorised, 10 levels left

rFire  . . .     SeeInvis +     y - +1 short sword (elec)
rCold  + . .     Gourm    .     b - +2 robe
rNeg   . . .     Faith    .     D - +0 buckler
rPois  .         Spirit   .     m - +1 hat
rElec  .         Dismiss  .     (no cloak)
rCorr  .         Reflect  .     (gloves unavailable)
SustAt .         Harm     .     (boots unavailable)
MR     +....                    (no amulet)
Stlth  +++++.....               P - +2 ring of evasion
                                x - ring of protection from cold

@: lethally poisoned (-25 -> -32), very quick, somewhat resistant to hostile
enchantments, quite stealthy
A: unfitting armour, antennae 1, hooves 1, see invisible, clumsy 1,
deterioration 1, dopey 1, herbivore 3, speed 3, slow metabolism 2
a: Renounce Religion


You were on level 12 of the Dungeon.
You worshipped Xom.
You were a very special plaything of Xom.
You were completely stuffed.

You visited 1 branch of the dungeon, and saw 12 of its levels.
You also visited: Bailey.

You collected 882 gold pieces.

Inventory:

Hand Weapons
 a - a +0 short sword of chaos
 u - a +2 short sword of protection
 y - a +1 short sword of electrocution (weapon)
Armour
 b - a +2 robe (worn)
 m - a +1 hat (worn)
 D - a +0 buckler (worn)
Jewellery
 r - an uncursed ring of ice
 x - a ring of protection from cold (left hand)
 P - a +2 ring of evasion (right hand)
Wands
 s - a wand of lightning (5/15)
 w - a wand of polymorph (5/24)
 A - a wand of flame (17/48)
 B - a wand of polymorph (14/24)
 E - a wand of polymorph (17/24)
 G - a wand of random effects (25/48)
 J - a wand of lightning (0/15)
Scrolls
 d - 4 scrolls of enchant weapon {unknown}
 g - 7 scrolls of identify {unknown}
 h - 2 scrolls of immolation {unknown}
 i - 5 scrolls of remove curse {unknown}
 j - 4 scrolls of fog {unknown}
 k - 5 scrolls of teleportation {unknown}
 n - a scroll of magic mapping {unknown}
 p - a scroll of random uselessness {unknown}
 v - a scroll of amnesia {unknown}
 C - 2 scrolls of fear {unknown}
 K - a scroll of enchant armour {unknown}
 L - a scroll of acquirement {unknown}
 N - 3 scrolls of recharging {unknown}
 Q - a scroll of blinking {unknown}
Potions
 e - a potion of cancellation
 o - 2 potions of cure mutation {unknown}
 t - 2 potions of flight
 z - a potion of haste {unknown}
 F - 2 potions of berserk rage {unknown}
 H - a potion of degeneration {unknown}
 I - a potion of ambrosia {unknown}
 O - a potion of curing
Books
 M - a book of the Warp

   Spells                             Type                      Level
   a - Recall                         Summoning/Translocation      3
   b - Gell's Gravitas                Hexes/Translocation          3
   c - Force Lance                    Conjuration/Translocation    4
   d - Warp Weapon                    Charms/Translocation         5
   e - Summon Forest                  Summoning/Translocation      5
Comestibles
 c - 4 bread rations
 f - 2 slices of pizza
 l - 8 fruits
 q - 12 royal jellies


   Skills:
 * Level 4.9 Fighting
 - Level 12.0 Short Blades
 - Level 12.9 Dodging
 + Level 10.3 Stealth
 - Level 7.2 Shields


You had 10 spell levels left.
You didn't know any spells.

Dungeon Overview and Level Annotations

Branches:
Dungeon (12/15)              Lair (0/6) D:10
 Temple: D:4-7          Orc: D:9-12

Altars:
Dithmenos
Fedhas
Kikubaaqudgha
Nemelex Xobeh
Pakellas
Qazlal
Sif Muna
Xom
Yredelemnul

Annotations:
D:7 ghostrobin's ghost, novice SpCK
D:12 Nessos


Innate Abilities, Weirdness & Mutations

You are tiny and cannot use many weapons and most armour.
You have supernaturally acute eyesight. (SInv)
You are a herbivore.
You cover ground extremely quickly.
You need consume almost no food.
You have a pair of small antennae on your head.
You have large cloven feet.
You are clumsy. (Dex -2)
Your body sometimes deteriorates upon taking damage.
You are dopey. (Int -2)


Message History

Zapping:
J - a wand of lightning (will waste charges)
Press: ? - help, Shift-Dir - straight line, f - Nessos
Aim: Nessos, wielding a longbow of flaming, wearing a centaur barding and carrying a wand of lightning {zapped: 3} (almost dead, fast)
You hear a mighty clap of thunder!
The bolt of lightning hits Nessos.
Nessos is almost dead.
Evoking this partially-identified wand wasted a few charges.
You feel sick.
Nessos zaps a wand.
The bolt of lightning misses you.
Nessos blinks!
Unknown command.
Evoke which item? (* to show all) (? for menu, Esc to quit)
Zapping:
J - a wand of lightning {zapped: 2} (will waste charges)
Press: ? - help, Shift-Dir - straight line, p - Nessos You hear a mighty clap of thunder!
Evoking this partially-identified wand wasted a few charges.
You feel sick.
Nessos zaps a wand.
The bolt of lightning hits you!
* * * LOW HITPOINT WARNING * * *
Nessos shoots an arrow.
The arrow hits you!!
You die...
Xom laughs nastily!

###+###########
#.............#
+.......@.....#
#.............#
#.............#
#ยง............#
#.............#
#.....c<......#
#.............#
####'##########
#.....##


You could see Nessos.

Vanquished Creatures
  A deep elf archer (Bailey)
  3 hill giants
  A faun (D:12)
  An ugly thing (D:11)
  6 deep elf magi (Bailey)
  An octopode (Bailey)
  A blink frog (D:9)
  A centaur skeleton (D:9)
  A troll (D:10)
  A boulder beetle (shapeshifter) (Bailey)
  A yak (D:9)
  A wyvern (D:10)
  The ghost of Aquadorian the Insei, an amateur OpTm of the Shining One (D:4)
  Duvessa (D:5)
  2 orc warriors
  2 phantoms (D:9)
  2 ice beasts
  A black bear (D:9)
  5 ogres
  A sky beast (D:9)
  4 necrophages
  3 wolves
  4 centaurs
  6 giant frogs
  A wyvern zombie (D:9)
  Dowan (D:5)
  2 scorpions (D:9)
  6 killer bees
  8 wights (D:8)
  3 howler monkeys (D:8)
  2 crimson imps
  2 centaur zombies
  A quasit (D:10)
  5 jellies
  2 human zombies (D:8)
  3 orc priests
  A hound (D:9)
  Natasha (twice) (D:4)
  2 iguanas (D:4)
  7 orc wizards
  A human skeleton (D:8)
  6 worker ants
  2 ogre zombies (D:8)
  A hound skeleton (D:9)
  4 gnolls (D:4)
  10 adders
  2 shadow imps
  5 oozes (D:8)
  An adder skeleton (D:6)
  A worm (D:2)
  3 dart slugs
  3 giant geckos
  38 orcs
  3 giant cockroaches
  6 hobgoblins
  6 kobolds
  3 quokkas
  5 bats
  3 giant newts
  7 goblins
  An orc zombie (D:8)
  9 rats
219 creatures vanquished.

Vanquished Creatures (collateral kills)
  Gastronok (D:8)
  A deep elf mage (Bailey)
  A yak (D:9)
  A crimson imp (D:10)
  An orc wizard (D:10)
  An adder (D:10)
6 creatures vanquished.

Vanquished Creatures (others)
  A yak (D:9)
  An orc priest (D:8)
2 creatures vanquished.

Grand Total: 227 creatures vanquished

Notes
Turn   | Place    | Note
--------------------------------------------------------------
     0 | D:1      | ghostrobin the Spriggan Chaos Knight began the quest for the Orb.
     0 | D:1      | Reached XP level 1. HP: 11/11 MP: 2/2
   310 | D:1      | XOM: butterfly on damage
   554 | D:1      | Reached XP level 2. HP: 16/16 MP: 3/3
   594 | D:1      | XOM: silly message
   756 | D:1      | Reached skill level 5 in Dodging
  1114 | D:2      | XOM: divination: detect creatures
  1176 | D:2      | Reached XP level 3. HP: 12/19 MP: 4/4
  1313 | D:2      | XOM: silly message
  1677 | D:3      | Found a deep blue altar of Sif Muna.
  1696 | D:3      | Found a stormy altar of Qazlal.
  1708 | D:3      | Found a blossoming altar of Fedhas.
  1780 | D:3      | XOM: silly message
  1808 | D:4      | XOM: mild Hex miscast
  1846 | D:4      | XOM: divination: detect items
  1856 | D:4      | XOM: harmless Erth miscast
  1856 | D:4      | Reached XP level 4. HP: 16/23 MP: 5/5
  2059 | D:4      | XOM: potion effect (invisibility)
  2068 | D:4      | Found a shadowy altar of Dithmenos.
  2171 | D:4      | Noticed Aquadorian's ghost (amateur OpTm)
  2184 | D:4      | Killed Aquadorian's ghost
  2184 | D:4      | Reached skill level 5 in Short Blades
  2184 | D:4      | Reached XP level 5. HP: 28/28 MP: 6/6
  2431 | D:4      | Noticed an ogre
  2439 | D:4      | Killed an ogre
  2439 | D:4      | Reached XP level 6. HP: 24/32 MP: 7/7
  2515 | D:4      | Found an ancient bone altar of Kikubaaqudgha.
  2866 | D:4      | XOM: harmless Conj miscast
  2879 | D:4      | XOM: potion effect (invisibility)
  2915 | D:4      | Noticed Natasha
  2917 | D:4      | Killed Natasha
  2917 | D:4      | Reached XP level 7. HP: 36/36 MP: 8/8
  3039 | D:4      | Noticed Natasha
  3047 | D:4      | XOM: potion effect (curing)
  3052 | D:4      | Killed Natasha
  3178 | D:5      | Entered Level 5 of the Dungeon
  3240 | D:5      | Noticed Duvessa
  3241 | D:5      | XOM: harmless Tloc miscast
  3246 | D:5      | Noticed Dowan
  3249 | D:5      | XOM: harmless Air miscast
  3261 | D:5      | Killed Duvessa
  3277 | D:5      | Killed Dowan
  3277 | D:5      | Reached skill level 5 in Stealth
  3352 | D:5      | Got an ichor-stained dagger
  3353 | D:5      | Identified the +1 dagger of Sudarigg {drain, SInv} (You found it on level 5 of the Dungeon)
  3358 | D:5      | XOM: 3-stop teleportation journey
  3447 | D:6      | XOM: confuse monster(s)
  3632 | D:7      | Noticed ghostrobin's ghost (novice SpCK)
  3714 | D:8      | XOM: give mutation
  3714 | D:8      | Gained mutation: You have large cloven feet. [Xom's grace]
  3823 | D:8      | Found a sparkling altar of Nemelex Xobeh.
  3828 | D:8      | XOM: give mutations
  3828 | D:8      | Gained mutation: You have a pair of small antennae on your head. [Xom's mischief]
  3828 | D:8      | Gained mutation: You are clumsy. (Dex -2) [Xom's mischief]
  3838 | D:8      | Noticed Gastronok
  3848 | D:8      | XOM: summons 7 friendly demons
  3856 | D:8      | XOM: torment (6/37 hp)
  3858 | D:8      | XOM: medium Chrm miscast
  3864 | D:8      | Killed Gastronok
  3864 | D:8      | Reached XP level 8. HP: 8/42 MP: 9/9
  4200 | D:8      | Reached XP level 9. HP: 40/46 MP: 10/10
  4332 | D:8      | Reached skill level 10 in Short Blades
  4625 | D:8      | XOM: chaos cloud
  4637 | D:8      | Found a basalt altar of Yredelemnul.
  4710 | D:8      | XOM: give mutations
  4710 | D:8      | Gained mutation: Your body sometimes deteriorates upon taking damage. [Xom's mischief]
  4710 | D:8      | Gained mutation: You are dopey. (Int -2) [Xom's mischief]
  4802 | D:8      | XOM: summons 4 hostile demons
  4972 | D:9      | Noticed Grum
  5132 | D:9      | XOM: harmless Chrm miscast
  5142 | D:9      | Reached skill level 1 in Shields
  5266 | D:8      | XOM: medium Necr miscast
  5283 | D:8      | XOM: silly message
  5555 | D:8      | XOM: summons 1 hostile demon
  5751 | D:9      | Reached XP level 10. HP: 34/51 MP: 11/11
  6037 | D:9      | XOM: 4-stop teleportation journey
  6062 | D:9      | XOM: noise
  6089 | D:9      | Noticed Grum
  6089 | D:9      | Grum changed into Grum the worker ant
  6091 | D:9      | Killed Grum the worker ant
  6485 | D:9      | Noticed a hill giant
  6488 | D:9      | XOM: harmless Erth miscast
  6494 | D:9      | Killed a hill giant
  6494 | D:9      | Reached skill level 5 in Shields
  6545 | D:9      | XOM: divination: magic mapping
  6559 | D:9      | XOM: polymorph yak -> blink frog
  6582 | D:9      | XOM: divination: detect items
  6594 | D:9      | XOM: noise
  6595 | D:9      | XOM: enchant monster (good)
  6611 | D:9      | XOM: enchant monster (good)
  6911 | D:9      | Found an oddly glowing altar of Pakellas.
  6954 | D:10     | Entered Level 10 of the Dungeon
  6971 | D:10     | Noticed a hill giant
  6991 | D:10     | Killed a hill giant
  7094 | D:10     | XOM: scenery: create altars
  7095 | D:10     | XOM: cleaving
  7212 | D:10     | Found a staircase to the Lair.
  7232 | D:10     | XOM: god gift: hunting sling {god gift}
  7311 | D:10     | Found a flagged portal.
  7362 | Bailey   | Entered a bailey
  7368 | Bailey   | Noticed a deep elf mage
  7372 | Bailey   | Killed a deep elf mage
  7372 | Bailey   | Reached XP level 11. HP: 48/54 MP: 12/12
  7379 | Bailey   | Noticed a deep elf mage
  7380 | Bailey   | Noticed a deep elf mage
  7381 | Bailey   | Noticed a deep elf mage
  7384 | Bailey   | a deep elf mage changed into an octopode
  7384 | Bailey   | XOM: polymorph deep elf mage -> octopode
  7400 | Bailey   | Killed a deep elf mage
  7415 | Bailey   | Noticed a deep elf mage
  7423 | Bailey   | XOM: scenery: 1 doors close
  7426 | Bailey   | a deep elf mage changed into a tarantella
  7426 | Bailey   | XOM: polymorph deep elf mage -> tarantella
  7430 | Bailey   | XOM: polymorph elephant -> boulder beetle
  7436 | Bailey   | XOM: enchant monster (bad)
  7438 | Bailey   | XOM: enchant monster (bad)
  7456 | Bailey   | Noticed a deep elf mage
  7474 | Bailey   | Killed a deep elf mage
  7474 | Bailey   | Reached skill level 10 in Dodging
  7480 | Bailey   | Killed a deep elf mage
  7498 | Bailey   | Noticed a deep elf mage
  7503 | Bailey   | Killed a deep elf mage
  7588 | Bailey   | Noticed a deep elf archer
  7597 | Bailey   | Killed a deep elf archer
  7644 | Bailey   | Noticed a deep elf mage
  7644 | Bailey   | Noticed a deep elf mage
  7647 | Bailey   | Killed a deep elf mage
  7650 | Bailey   | Killed a deep elf mage
  7879 | D:11     | Noticed a hill giant
  7881 | D:11     | XOM: scenery: create altars
  7888 | D:11     | Killed a hill giant
  8046 | D:11     | Noticed a white ugly thing
  8049 | D:11     | Killed a white ugly thing
  8503 | D:11     | XOM: god gift: 520 gold pieces
  8520 | D:11     | XOM: confuse monster(s)
  8591 | D:12     | XOM: 1-stop teleportation journey
  8609 | D:12     | Noticed a hill giant
  8611 | D:12     | XOM: 1-stop teleportation journey
  8625 | D:12     | a hill giant changed into a faun
  8625 | D:12     | XOM: polymorph hill giant -> faun
  8635 | D:12     | XOM: summons 3 friendly demons
  8638 | D:12     | Reached skill level 10 in Stealth
  8642 | D:12     | XOM: 1-stop teleportation journey
  8772 | D:12     | Noticed Nessos
  8792 | D:12     | HP: 1/54 [Nessos/wand of lightning (16)]
  8792 | D:12     | Shot with an arrow by Nessos

Vault maps used:
D:1:      dpeg_arrival_three_smaller_balls, nrook_uturn,
          minmay_misc_feat_hallway, minmay_misc_feat_rows, st_stairs_9
D:2:      lemuel_upstairs_altar
D:3:      grunt_temple_overflow_forces_of_nature, lemuel_blue_sif_altar
D:4:      old_standard_altar, marbit_many_paths, first_bread,
          wad_rectangle_vault, uniq_natasha
D:5:      lemuel_crystal_altar, uniq_crazy_yiuf_cottage, uniq_duvessa,
          uniq_blork_the_orc
D:6:      nicolae_overflow_quartered_altars, kennysheep_generic_room_13,
          uniq_pikel
D:7:      nicolae_overflow_hidden_temple, bloody_makhleb,
          minmay_temple_entry_glass, kennysheep_nub
D:8:      lemuel_mausoleum_altar_yredelemnul, basic_altar,
          hangedman_little_slice_of_home, uniq_gastronok
D:9:      kennysheep_mini_moat, uniq_grum
D:10:     lair_0_dummy, enter_bailey_2
D:12:     orc_0_dummy, nicolae_trove_entry_crossroad, uniq_nessos
Bailey:   bailey_polearm_3, bailey

Skill      XL: |  1  2  3  4  5  6  7  8  9 10 11 |
---------------+----------------------------------+-----
Dodging        | 4 5 6 8 12 | 12.9
Short Blades   | 4 5 6 9 12 | 12.0
Stealth        | 2 4 9 10 | 10.3
Fighting       | 3 4 |  4.9
Shields        | 3 7 |  7.2

Action                   |  1- 3 |  4- 6 |  7- 9 | 10-12 || total
-------------------------+-------+-------+-------+-------++-------
Melee: Short sword       |   133 |    89 |   370 |   452 ||  1044
       Unarmed           |       |       |    18 |       ||    18
       Kick              |       |       |    71 |   113 ||   184
Evoke: Wand              |       |       |       |     3 ||     3
  Use: Potion            |       |       |     5 |       ||     5
 Stab: Petrifying        |     1 |     1 |     1 |       ||     3
       Distracted        |     1 |       |     1 |     5 ||     7
       Invisible         |       |     5 |     2 |       ||     7
       Sleeping          |       |     3 |    18 |    18 ||    39
       Confused          |       |       |     2 |     1 ||     3
  Eat: Bread ration      |       |       |     1 |     2 ||     3
Armor: Robe              |    15 |       |    22 |    13 ||    50
       Skin              |       |       |     2 |       ||     2
Dodge: Dodged            |    93 |    58 |   224 |   139 ||   514
Block: Buckler           |       |       |    21 |    59 ||    80
